 Seeded DCSS version 0.29.1-2-gbd0b4ee654 (webtiles) character file.

Game seed: 20221019 (custom seed)

75 jessy the Trooper (level 4, -11/40 HPs)
             Began as a Hill Orc Fighter on Oct 31, 2022.
             Was a Believer of Jiyva.
             Mangled by Crazy Yiuf
             ... wielding a +4 quarterstaff of chaos
              (20 damage)
             ... on level 3 of the Dungeon.
             The game lasted 00:09:36 (2694 turns).

jessy the Trooper (Hill Orc Fighter)                Turns: 2694, Time: 00:09:36

Health: -11/40     AC:  9    Str: 20    XL:     4   Next: 31%
Magic:  4/4        EV:  9    Int:  8    God:    Jiyva [**....]
Gold:   34         SH:  4    Dex: 10    Spells: 3/3 levels left

rFire   . . .      SeeInvis .   a - +0 war axe
rCold   . . .      Faith    .   c - +0 buckler
rNeg    . . .      Spirit   .   b - +0 scale mail
rPois   .          Reflect  .   (no helmet)
rElec   .          Harm     .   (no cloak)
rCorr   +          Rampage  .   p - +0 pair of gloves
Will    .....                   q - +0 pair of boots
Stlth   ..........              (no amulet)
HPRegen 1.09/turn               (no ring)
MPRegen 0.39/turn               (no ring)

@: lethally poisoned (-11 -> -11)
A: no striking features
a: Renounce Religion


You were on level 3 of the Dungeon.
You worshipped Jiyva.
Jiyva was pleased with you.
You visited 1 branch of the dungeon, and saw 3 of its levels.

You collected 34 gold pieces.

Inventory:

Hand Weapons
 a - a +0 war axe (weapon)
 i - a +0 short sword
 n - a +0 dagger
Missiles
 e - 19 stones (quivered)
Armour
 b - a +0 scale mail (worn)
 c - a +0 buckler (worn)
 k - a +0 leather armour
 o - a +0 scale mail
 p - a +0 pair of gloves (worn)
 q - a +0 pair of boots (worn)
Scrolls
 f - 5 scrolls of identify {unknown}
 g - a scroll of teleportation {unknown}
 l - a scroll of enchant weapon {unknown}
Potions
 d - a potion of might
 h - a potion of ambrosia {unknown}
 j - a potion of heal wounds {unknown}
 m - a potion of haste {unknown}


   Skills:
 + Level 4.1 Fighting
 + Level 3.7 Axes
 + Level 3.8 Armour
 + Level 1.0 Dodging
 + Level 3.9 Shields


You had 3 spell levels left.
You didn't know any spells.
Your spell library contained the following spells:

 Spells                   Type           Power      Damage    Failure   Level
 Apportation              Tloc           0%         N/A       85%         1
 Necrotise                Necr           0%         1d4       85%         1
 Summon Small Mammal      Summ           0%         N/A       85%         1


Dungeon Overview and Level Annotations

Branches:
Dungeon (3/15)

Altars:
Jiyva

Annotations:
D:3 Crazy Yiuf


Message History

The fungus begins to die.
You hear a distant slurping noise.
You hit the fungus.
The fungus is lightly damaged.
You hit the fungus. x2
You slash the fungus!
The fungus is lightly damaged.
You slash the fungus! x2; A nearby fungus withers and dies. x3
You hear a distant slurping noise.
You hear a distant slurping noise.
You hear a distant slurping noise.
Found a hammer.
Found a runed translucent door.
Crazy Yiuf shouts!
You hear a distant slurping noise.
You open the door. You closely miss Crazy Yiuf. You block Crazy Yiuf's attack.
Crazy Yiuf whimpers, "Aardvark!
Whippet alas hand."
Crazy Yiuf hits you with a +4 quarterstaff of chaos.
You hit Crazy Yiuf.
Crazy Yiuf is lightly wounded.
You hear a distant slurping noise.
Crazy Yiuf hits you but does no damage.
You are poisoned.
You hit Crazy Yiuf.
Crazy Yiuf is moderately wounded.
You feel very sick.
Crazy Yiuf hits you with a +4 quarterstaff of chaos.
You are electrocuted!
Crazy Yiuf completely misses you.
You barely miss Crazy Yiuf.
Crazy Yiuf is moderately wounded.
You feel sick. Crazy Yiuf barely misses you.
You slash Crazy Yiuf!
Crazy Yiuf is severely wounded.
You feel sick.
Crazy Yiuf whimpers, "Adder!"
Crazy Yiuf hits you with a +4 quarterstaff of chaos!
* * * LOW HITPOINT WARNING * * *
You are electrocuted!!
Ouch! That really hurt!
You die...

#.#
#....####
#.....#...
#.# ##..##
#.J...#...
#.# ♣....♣
#$....#...
#.# ♣...♣♣
#.....####
#.# ♣♣.♣♣
#.# ♣.♣♣
##.######
♣♣.♣
#.......#
♣.♣♣
#######.#
♣♣@♣ #.#
#g# #.#
... #.#
#...#
#.####
#..)#
#....#
#####
######


You could see Crazy Yiuf.

Vanquished Creatures
  Robin (D:2)
  An adder (D:2)
  2 dart slugs
  4 orcs (D:3)
  4 bats
  An endoplasm (D:1)
  A giant cockroach (D:2)
  6 hobgoblins
  2 jackals (D:1)
  A quokka (D:2)
  5 ball pythons (D:1)
  10 goblins
  3 kobolds
  2 rats (D:2)
  10 bushes (D:2)
53 creatures vanquished.

Vanquished Creatures (others)
  2 worms
  An endoplasm (D:2)
  A giant cockroach (D:1)
  A goblin (D:1)
  3 hobgoblins
  A kobold (D:2)
  2 ball pythons
  A bat (D:1)
  5 frilled lizards
  2 rats (D:2)
  3 fungi (D:3)
  9 plants (D:2)
31 creatures vanquished.

Grand Total: 84 creatures vanquished

Notes
Turn   | Place    | Note
-------+----------+-------------------------------------------
     0 | D:1      | jessy the Hill Orc Fighter began the quest for the Orb.
     0 | D:1      | Reached XP level 1. HP: 19/19 MP: 1/1
   202 | D:1      | Reached XP level 2. HP: 27/27 MP: 2/2
   502 | D:1      | Found a faded altar of an unknown god.
   531 | D:1      | Prayed at the altar of an unknown god.
   531 | D:1      | Became a worshipper of Jiyva Jouhai the Shapeless
   531 | D:1      | Reached * piety under Jiyva
  1435 | D:2      | Reached XP level 3. HP: 33/33 MP: 3/3
  1535 | D:2      | Reached skill level 4 in Fighting
  1714 | D:2      | Reached ** piety under Jiyva
  2261 | D:3      | Noticed Robin
  2266 | D:2      | Killed Robin
  2272 | D:2      | Reached XP level 4. HP: 17/40 MP: 4/4
  2303 | D:3      | Reached skill level 1 in Dodging
  2685 | D:3      | Found a runed translucent door.
  2686 | D:3      | Noticed Crazy Yiuf
  2694 | D:3      | Mangled by Crazy Yiuf

Illustrated notes

Levels and vault maps discovered:
D:1:      scummos_arrival_gate, layout_basic, basic_ecumenical_altar
D:2:      layout_basic, serial_forest, infiniplex_forest_clump_small,
          infiniplex_forest_lined_1, infiniplex_forest_clump_long,
          infiniplex_forest_straight_4, infiniplex_forest_pool,
          infiniplex_forest_lined_corner, infiniplex_forest_corner_1,
          minmay_tetromino_o2
D:3:      layout_basic, hangedman_decor_peaks_small, minmay_splitting_lines,
          nicolae_wormholes, uniq_natasha, uniq_robin, uniq_crazy_yiuf_cottage

Skill      XL: |  1  2  3  4 |
---------------+-------------+-----
Axes           | 3 |  3.7
Fighting       | 4 |  4.1
Dodging        | 1 |  1.0
Armour         | |  3.8
Shields        | |  3.9

Action                   |  1- 3 |  4- 6 || total
-------------------------+-------+-------++-------
Melee: War axe           |   428 |    26 ||   454
Armor: Scale mail        |    75 |    17 ||    92
Dodge: Dodged            |    72 |    14 ||    86
Block: Buckler           |    37 |     4 ||    41
